[Event "WSTCC-50 2024"]
[Site "Krakow"]
[Date "2024.07.06"]
[Round "5.2"]
[White "Godena, Michele"]
[Black "Hjartarson, Johann"]
[Result "1/2-1/2"]
[ECO "C44"]
[WhiteElo "2426"]
[BlackElo "2472"]
[Annotator "TA"]
[PlyCount "82"]
[EventDate "2024.07.01"]
[EventType "team-tourn"]
[EventCountry "POL"]
[SourceTitle "playchess.com"]
[Source "ChessBase"]
[SourceQuality "1"]
[TimeControl "40/5400+30:1800+30"]

1. e4 e5 2. Nf3 Nc6 3. d4 exd4 4. Nxd4 Nf6 5. Nc3 Bb4 6. Nxc6 bxc6 7. Bd3 d5 8. exd5 O-O 9. O-O cxd5 10. h3 {[%emt 0:01:49] Prevents Bg4} c6 11. Qf3 Bd6 12. Bf4 Rb8 13. b3 Re8 14. Rad1 Be6 15. Ne2 c5 16. Rfe1 Bxf4 17. Nxf4 Qa5 18. Nxe6 fxe6 19. Qg3 Rb7 20. c4 {[%emt 0:07:54] cxd5 would now be deadly.} d4 21. Re5 Rbe7 22. Rde1 Qxa2 23. Rxc5 Qd2 24. Rce5 Nd7 25. R5e2 Qc3 {[%emt 0:00:32] [#]} 26. b4 $1 $36 {[%emt 0:01:52][%mdl 2048] Against Nc5. White has the initiative.} e5 27. c5 Nf6 28. Rxe5 (28. Bb5 {looks sharper.} Qxg3 29. fxg3 Rb8 30. Bd3) 28... Rxe5 (28... Qxe1+ $2 29. Rxe1 Rxe1+ 30. Kh2 $18) 29. Rxe5 Rxe5 (29... Qxb4 $2 30. Rxe8+ Nxe8 31. Qe5 $18) 30. Qxe5 Qxd3 31. c6 Kf7 $2 {[%emt 0:12:01][%mdl 8192] [#]} (31... Qb1+ $11 {and Black is okay.} 32. Kh2 Qe4 (32... Qxb4 $2 {loses.} 33. Qe6+ Kf8 34. c7 $18) 33. Qb8+ Kf7) 32. c7 $1 $18 Qa6 33. Qxd4 Kg6 $2 {[%emt 0:02:18] [#]} (33... Ng8 34. Qd5+ Kf6) 34. b5 $1 Qe6 35. Qd8 $2 ({Less strong is} 35. Qxa7 Nd5 $18) (35. Qc3 $18 Qc8 36. Qd3+ Kh6 37. Qd8) 35... Qe1+ $11 {[%emt 0:00:35] The position is equal.} 36. Kh2 {[%emt 0:00:01] aiming for Qd3+.} Qe5+ 37. Kg1 Qe1+ 38. Kh2 Qe5+ 39. g3 Qf5 40. Qd4 {[%emt 0:00:53] And now g4 would win.} (40. c8=B $2 {perishes.} Qxf2+ 41. Kh1 Qxg3 $19) 40... Ne8 41. Qxa7 Nxc7 {[%emt 0:00:21] Weighted Error Value: White=0.21 (precise) /Black=0.18 (very precise) .  Loses game:     	---       	Black=1      Mistake:       	---       	Black=1      Inaccurate:     	White=3     	Black=2      OK:         	White=12    	Black=17     Best:        	White=1     	Black=2      Strong:       	White=1     	---        Brilliant:      	White=1     	---} 1/2-1/2

[Event "WSTCC-50 2024"]
[Site "Krakow"]
[Date "2024.07.06"]
[Round "5.2"]
[White "Cummings, David H."]
[Black "Marinello, Beatriz"]
[Result "1-0"]
[ECO "A29"]
[WhiteElo "2314"]
[BlackElo "2109"]
[Annotator "TA"]
[PlyCount "113"]
[EventDate "2024.07.01"]
[EventType "team-tourn"]
[EventCountry "POL"]
[SourceTitle "playchess.com"]
[Source "ChessBase"]
[SourceQuality "1"]
[TimeControl "40/5400+30:1800+30"]

1. c4 e5 2. Nc3 Nf6 3. Nf3 Nc6 4. g3 d5 5. cxd5 Nxd5 6. Bg2 Nb6 7. O-O Be7 8. b3 O-O 9. Bb2 Re8 10. Rc1 Bf5 11. d3 Bf6 (11... Qd7 $11 {feels stronger.}) 12. Ne4 $14 Bxe4 $1 13. dxe4 Qxd1 14. Rfxd1 Rad8 15. Bf1 Nc8 16. e3 Nd6 17. Bd3 {[%emt 0:04:34] White is more active.} Re7 18. Kf1 g6 19. Ke2 Bg7 20. Ba3 Red7 21. g4 h6 22. Bb1 Nb5 23. Rxd7 Rxd7 24. Bb2 f6 25. h4 Nd6 26. Nd2 Kf7 27. Nf1 Bf8 28. Ng3 Nd8 29. f4 exf4 30. exf4 Ne6 31. f5 Nf4+ 32. Kf3 g5 33. hxg5 hxg5 34. Rd1 $36 {[%emt 0:09:47][%mdl 2048] And now e5 would win. White is in control.} Re7 (34... Bg7 $16) 35. a3 Re8 (35... Bg7 $142 36. Bc1 Kf8 37. Bxf4 gxf4) 36. b4 $18 Bg7 37. Ba2+ Ke7 38. Bc1 {[%emt 0:02:23] A strong pair of Bishops.} Rh8 (38... Kf8 $142 39. a4 b6) 39. Bxf4 gxf4 {[%emt 0:00:02] [#]} 40. Nh5 (40. Kxf4 Rh2 41. Bd5 Bh6+ 42. Kf3 Bg5 $11) 40... Bh6 41. Be6 Bg5 42. a4 (42. Nxf4 Rh2 43. a4 Bxf4 44. Kxf4 Rb2 $18) 42... c6 (42... a6 $142 43. Re1 (43. Nxf4 Rh2 $18) 43... Kf8) 43. Re1 (43. Nxf4 $18 {Strongly threatening Ng6+.} Bxf4 44. Kxf4) 43... Nf7 (43... Kd8 $16 44. e5 (44. Nxf4 Rh2 $16) 44... fxe5) 44. Bxf7 $1 (44. Nxf4 $2 {too greedy.} Ne5+ 45. Kg2 Bxf4 $19) 44... Kxf7 {[%emt 0:00:00][%mdl 4096] Endgame. [#] KRB-KRN} 45. Rd1 {[%emt 0:00:00] Wards off Rd8} ({Much less strong is} 45. Nxf4 $6 Rh2 46. e5 fxe5) 45... Ke7 {[%emt 0:00:00] Prevents Rd7+.} 46. Nxf4 {[%emt 0:00:00] aiming for Ng6+.} Rh2 47. Ne6 {[%emt 0:00:00] Threatens to win with Nxg5.} Bh4 48. Nf4 {[%emt 0:00:00] Dodges Rh3+} (48. Nc5 $16 Rh3+ 49. Ke2) 48... Bg5 $1 {[%emt 0:00:00] [#]} 49. e5 $1 fxe5 50. Ng6+ Ke8 51. Nxe5 Rh3+ 52. Kg2 Ra3 (52... Rb3 $142 53. Re1 Kf8) 53. Nf3 Be7 (53... Ra2+ {was worth a try.} 54. Kg3 Ra3) 54. g5 {[%emt 0:01:06][%cal Bg4g5,Bg5f6][%mdl 32] f6 would now be deadly.} Rxa4 $2 (54... Bxb4 55. g6 Be7) 55. f6 {[%emt 0:00:13] Intending Re1 and mate.} Bxf6 56. gxf6 Rxb4 57. Ne5 {[%emt 0:01:00] Weighted Error Value: White=0.20 (precise) /Black=0.42.  Mistake:       	White=2     	Black=9      Inaccurate:     	White=3     	Black=3      OK:         	White=18    	Black=11     Best:        	White=5     	Black=1      Strong:       	White=1     	Black=2} 1-0

[Event "WSTCC-50 2024"]
[Site "Krakow"]
[Date "2024.07.06"]
[Round "5.2"]
[White "Forgo, Eva"]
[Black "Norinkeviciute, Rasa"]
[Result "1/2-1/2"]
[ECO "B93"]
[WhiteElo "2060"]
[BlackElo "1922"]
[Annotator "NA RC"]
[PlyCount "27"]
[EventDate "2024.07.01"]
[EventType "team-tourn"]
[EventCountry "POL"]
[SourceTitle "playchess.com"]
[Source "ChessBase"]
[SourceQuality "1"]
[TimeControl "40/5400+30:1800+30"]

1. e4 c5 2. Nf3 d6 3. d4 cxd4 4. Nxd4 Nf6 5. Nc3 a6 6. f4 e5 7. Nf3 Qc7 8. Bd3 Be7 9. O-O Be6 10. Qe2 b5 11. a3 Nbd7 12. Kh1 Nb6 13. f5 Bc4 14. Bg5 1/2-1/2

[Event "WSTCC-50 2024"]
[Site "Krakow"]
[Date "2024.07.06"]
[Round "5.3"]
[White "Petursson, Margeir"]
[Black "Bellia, Fabrizio"]
[Result "1-0"]
[ECO "D38"]
[WhiteElo "2397"]
[BlackElo "2401"]
[Annotator "TA"]
[PlyCount "51"]
[EventDate "2024.07.01"]
[EventType "team-tourn"]
[EventCountry "POL"]
[SourceTitle "playchess.com"]
[Source "ChessBase"]
[SourceQuality "1"]
[TimeControl "40/5400+30:1800+30"]

1. d4 Nf6 2. c4 e6 3. Nc3 d5 4. Nf3 Bb4 5. g3 O-O 6. Bg2 dxc4 7. O-O Nc6 8. Re1 Rb8 9. a3 Be7 (9... Ba5 $15 {should be considered.}) 10. e4 (10. Qa4 $11) 10... b5 11. Bf4 {[%emt 0:00:39] The position is equal.} h6 12. d5 exd5 13. exd5 Na5 {[%emt 0:14:19] [#]} 14. Rxe7 $1 Qxe7 15. d6 $1 Qd7 ({Wrong is} 15... cxd6 $2 16. Bxd6 Qe6 17. Bxb8 $18) (15... Qe8 $11 {keeps the balance.}) 16. dxc7 $16 {[%emt 0:00:33] White is more active.} Rb6 17. Qxd7 Bxd7 18. Rd1 Nb7 $2 (18... Bc8 $16 {was worth a try.} 19. h3 (19. Rd8 Nb7 $16) 19... a6) 19. Ne5 $18 Be6 20. Be3 {[%emt 0:15:12] This pair of bishops is nice. White is clearly winning.} Bc8 (20... Rd6 $142 21. Bxb7 Rxd1+ 22. Nxd1 Bc8) 21. Bxb6 axb6 22. Nxb5 Nc5 23. Nxc4 Ba6 {[%emt 0:00:35] [#]} 24. Rd8 $1 Ne6 25. Rxf8+ Kxf8 {[%emt 0:00:27] [#]} 26. Nxb6 $1 {[%emt 0:00:27] Black got outplayed after the opening.   Weighted Error Value: White=0.03 (flawless) /Black=0.63.  Loses game:     	---       	Black=1      Mistake:       	White=1     	Black=3      Inaccurate:     	---       	Black=2      OK:         	White=6     	Black=1      Best:        	White=2     	---        Strong:       	White=1     	---} 1-0

[Event "WSTCC-50 2024"]
[Site "Krakow"]
[Date "2024.07.06"]
[Round "5.3"]
[White "Sagalchik, Olga"]
[Black "Barron, Michael"]
[Result "1/2-1/2"]
[ECO "A80"]
[WhiteElo "2128"]
[BlackElo "2046"]
[Annotator "RC"]
[PlyCount "135"]
[EventDate "2024.07.01"]
[EventType "team-tourn"]
[EventCountry "POL"]
[SourceTitle "playchess.com"]
[Source "ChessBase"]
[SourceQuality "1"]
[TimeControl "40/5400+30:1800+30"]

1. d4 f5 2. Nc3 Nf6 3. Bg5 d5 4. f3 Nbd7 5. e4 fxe4 6. fxe4 dxe4 7. Bc4 Nb6 8. Bb3 Bg4 9. Qd2 Qd7 10. h3 Be6 11. Nge2 O-O-O 12. O-O-O h6 13. Bxf6 exf6 14. Nxe4 Bf5 15. N4g3 Bh7 16. Qa5 Kb8 17. Nc3 a6 18. Rhe1 Re8 19. Rxe8+ Qxe8 20. Kb1 Qc6 21. d5 Qd6 22. Nge4 Qe5 23. Nc5 Bxc5 24. Qxc5 Re8 25. a4 Nc8 26. Bc4 Qe3 27. Qb4 Ka7 28. a5 Nd6 29. Bd3 Bxd3 30. Rxd3 Qg1+ 31. Rd1 Qxg2 32. Qc5+ Kb8 33. Rg1 Qxh3 34. Rxg7 Qf1+ 35. Ka2 Qc4+ 36. Qxc4 Nxc4 37. Rg6 Rh8 38. Rxf6 h5 39. Rf4 Ne3 40. Rh4 Nxc2 41. Ne2 Ne3 42. Nf4 Rf8 43. Nxh5 Nxd5 44. Ng7 Rf4 45. Rxf4 Nxf4 46. b4 Kc8 47. Kb3 Kd7 48. Kc4 Ne6 49. Nf5 Nd8 50. Kc5 Nf7 51. Nd4 Nd6 52. Nb3 Ke6 53. Nd4+ Ke5 54. Nb3 Ke4 55. Nd4 Kd3 56. Ne6 Nb5 57. Nd8 Nd6 58. Ne6 Ne4+ 59. Kd5 c6+ 60. Ke5 Nd2 61. Kd6 Kc4 62. Kc7 Kxb4 63. Kxb7 Kxa5 64. Kxc6 Kb4 65. Nc5 a5 66. Nd3+ Kc4 67. Nb2+ Kc3 68. Kb5 1/2-1/2

[Event "WSTCC-50 2024"]
[Site "Krakow"]
[Date "2024.07.06"]
[Round "5.3"]
[White "Baliuniene, Margarita"]
[Black "Csom, Etelka"]
[Result "1/2-1/2"]
[ECO "D10"]
[WhiteElo "1960"]
[BlackElo "1996"]
[Annotator "NA RC"]
[PlyCount "74"]
[EventDate "2024.07.01"]
[EventType "team-tourn"]
[EventCountry "POL"]
[SourceTitle "playchess.com"]
[Source "ChessBase"]
[SourceQuality "1"]
[TimeControl "40/5400+30:1800+30"]

1. d4 d5 2. c4 c6 3. cxd5 cxd5 4. Nc3 Nf6 5. Bf4 a6 6. Nf3 Nc6 7. e3 e6 8. Bd3 Bd6 9. Bxd6 Qxd6 10. Rc1 O-O 11. O-O Bd7 12. Na4 Nb4 13. Bb1 Bxa4 14. Qxa4 Nc6 15. a3 Rac8 16. b4 Ne4 17. Bxe4 dxe4 18. Nd2 f5 19. Nc4 Qe7 20. Nb6 Rcd8 21. Qb3 Qd6 22. Na4 b6 23. Qc4 Ne7 24. Qxa6 Nd5 25. Qb5 Rc8 26. Rc4 Rxc4 27. Qxc4 Qd7 28. Qb3 Rc8 29. g3 Rc7 30. Ra1 Qb5 31. Nb2 Qe2 32. Rf1 Kf7 33. Nd1 Rc1 34. Qb2 Rc2 35. Qb3 Rc1 36. Qb2 Rc2 37. Qb3 Rc1 1/2-1/2

[Event "WSTCC-50 2024"]
[Site "Krakow"]
[Date "2024.07.06"]
[Round "5.4"]
[White "Ortega, Lexy"]
[Black "Arnason, Jon L"]
[Result "1-0"]
[ECO "D25"]
[WhiteElo "2386"]
[BlackElo "2421"]
[Annotator "TA"]
[PlyCount "97"]
[EventDate "2024.07.01"]
[EventType "team-tourn"]
[EventCountry "POL"]
[SourceTitle "playchess.com"]
[Source "ChessBase"]
[SourceQuality "1"]
[TimeControl "40/5400+30:1800+30"]

1. d4 d5 2. Nf3 Nf6 3. c4 dxc4 4. e3 a6 5. Bxc4 e6 6. O-O b5 7. Bd3 c5 8. a4 {[%emt 0:00:24] D26: Queen's Gambit Accepted: 4 e3 e6 5 Bxc5 c5 sidelines.} b4 9. Nbd2 Bb7 10. Nc4 {[%emt 0:00:37] 10.Qe2 is becoming the main line.} Nbd7 11. a5 Qc7 12. Qe2 Rc8 $146 ({Predecessor:} 12... Be7 13. b3 O-O 14. Bb2 Rfd8 15. Rac1 Rac8 16. Rfd1 Qb8 17. Bb1 h6 18. Nfe5 cxd4 19. exd4 {1-0 Brunner,N (2418)-Maly,A (2370) PNWCC Online Blitz JP 24 2021 (7)}) 13. Nce5 Ra8 14. Bd2 Nxe5 15. Nxe5 Bd6 16. Nc4 (16. f4 $14) 16... Bxh2+ $11 17. Kh1 Rd8 18. f4 Bg3 19. Ne5 Qe7 (19... cxd4 20. Bxb4 Qb8 21. Bc2 Bxg2+ 22. Qxg2 Qxb4 23. Ba4+ (23. Qxg3 O-O $18) 23... Kf8 24. Nc6 $18 (24. Qxg3 d3 $18)) 20. Kg1 O-O (20... cxd4 $15 21. Bxa6 Bxa6 22. Qxa6 O-O) 21. Rac1 (21. dxc5 $1 $11 Qxc5 22. Rac1 Qxa5 23. Rc4) 21... cxd4 $15 22. e4 g6 $1 23. Nc6 Bxc6 24. Rxc6 Nh5 (24... e5 $15 25. f5 Nh5) 25. Qg4 $1 $11 f5 (25... e5 $11 26. fxe5 Qxe5 (26... Bxe5 27. Rxa6 Rde8 28. Rb6 $16)) 26. exf5 $14 exf5 27. Qg5 (27. Rxg6+ {looks sharper.} hxg6 28. Qxg6+ Kh8 29. Qxh5+ Kg7 30. Bxf5 Qh4 31. Qxh4 Bxh4 32. Bd3) 27... Qxg5 (27... Rf6 $1 $11 28. Rfc1 (28. Rxa6 Rdf8 $17) (28. Bxa6 $2 h6 $19) 28... Re8) 28. fxg5 $16 Rd6 29. Rxa6 Rxa6 30. Bxa6 Bd6 31. Rc1 (31. Bc4+ Kg7 $15) 31... Ng3 32. Rc6 Ne4 (32... Rd8 $1 $14) 33. Bb7 $2 (33. Bc4+ $1 $16 Kg7 34. Bc1) 33... Bc5 (33... Rd8 $15 {stays ahead.} 34. Rxd6 (34. a6 Bc5 $17) 34... Nxd6 35. Bd5+ Kg7 (35... Nf7 36. Bb7 $15) 36. Bxb4 Ne4) 34. a6 $2 (34. Bf4 $1 $16 {is forced if you want to stay better.}) 34... d3+ $2 {[%emt 0:00:07][%mdl 8192] [#]} (34... Rd8 $17 35. Bc8 d3+ 36. Kh1 Kf7) 35. Rxc5 $1 $18 Nxc5 36. Bd5+ (36. Bxb4 $2 Nxb7 37. axb7 (37. Bxf8 $2 d2 $19) 37... Rb8 $19) 36... Kg7 37. a7 Ne4 38. Bxb4 (38. a8=B $2 Nxd2 39. Bac6 Ne4 $19) 38... Re8 39. Bc6 (39. a8=B $2 d2 (39... Nxg5 40. Bac6 $14) 40. Bxd2 Nxd2 $19) 39... Rd8 40. a8=Q (40. a8=B $2 {is the wrong capture.} d2 (40... Nxg5 41. Bc3+ Kf8 42. Bd2 $14) 41. Bxd2 Nxd2 $19) 40... Rxa8 41. Bxa8 d2 42. Bxd2 $1 Nxd2 {[%emt 0:00:05] [#]} 43. Bd5 $1 Kf8 44. Kf2 Ke7 45. Ke2 Kd6 46. Kxd2 Kxd5 47. Kd3 Kc5 48. Kc3 Kd5 49. b4 1-0

[Event "WSTCC-50 2024"]
[Site "Krakow"]
[Date "2024.07.06"]
[Round "5.4"]
[White "Findlay, Ian T."]
[Black "Jezierska, Ivona"]
[Result "1/2-1/2"]
[ECO "B08"]
[WhiteElo "2118"]
[BlackElo "2079"]
[Annotator "RC"]
[PlyCount "77"]
[EventDate "2024.07.01"]
[EventType "team-tourn"]
[EventCountry "POL"]
[SourceTitle "playchess.com"]
[Source "ChessBase"]
[SourceQuality "1"]
[TimeControl "40/5400+30:1800+30"]

1. e4 d6 2. d4 g6 3. Nc3 Bg7 4. Nf3 Nf6 5. Be2 O-O 6. O-O c6 7. a4 Qc7 8. a5 Nbd7 9. Be3 e5 10. dxe5 dxe5 11. Nd2 Rd8 12. Qc1 b6 13. axb6 Nxb6 14. Nb3 Be6 15. Rd1 Nfd7 16. Nc5 Nxc5 17. Bxc5 Bf8 18. Qe3 Rxd1+ 19. Rxd1 Nd7 20. Bxf8 Kxf8 21. Ra1 Qb6 22. Qxb6 Nxb6 23. Ra5 f6 24. g3 Ke7 25. f4 Kd6 26. Kf2 Bc4 27. b3 Bxe2 28. Kxe2 Nd7 29. Na4 Kc7 30. Nb2 Kb7 31. Nc4 c5 32. Ra1 Nb6 33. Nxb6 Kxb6 34. fxe5 fxe5 35. Rf1 Rc8 36. Rf6+ Rc6 37. Rf7 Rc7 38. Rf6+ Rc6 39. Rf7 1/2-1/2

[Event "WSTCC-50 2024"]
[Site "Krakow"]
[Date "2024.07.06"]
[Round "5.4"]
[White "Kozma, Edit"]
[Black "Buriene, Regina"]
[Result "1/2-1/2"]
[ECO "C65"]
[WhiteElo "1859"]
[BlackElo "1904"]
[Annotator "NA RC"]
[PlyCount "37"]
[EventDate "2024.07.01"]
[EventType "team-tourn"]
[EventCountry "POL"]
[SourceTitle "playchess.com"]
[Source "ChessBase"]
[SourceQuality "1"]
[TimeControl "40/5400+30:1800+30"]

1. e4 e5 2. Nf3 Nc6 3. Bb5 Nf6 4. O-O Be7 5. Re1 d6 6. d4 exd4 7. Nxd4 Bd7 8. Nxc6 Bxc6 9. Bxc6+ bxc6 10. b3 O-O 11. Bb2 Re8 12. Nd2 Qc8 13. Nf1 Qg4 14. Qxg4 Nxg4 15. h3 Bf6 16. Bxf6 Nxf6 17. Ng3 Nd7 18. c4 Kf8 19. Rad1 1/2-1/2

[Event "WSTCC-50 2024"]
[Site "Krakow"]
[Date "2024.07.06"]
[Round "5.5"]
[White "Ehlvest, Jaan"]
[Black "Adams, Michael"]
[Result "1/2-1/2"]
[ECO "E24"]
[WhiteElo "2528"]
[BlackElo "2670"]
[Annotator "TA"]
[PlyCount "27"]
[EventDate "2024.07.01"]
[EventType "team-tourn"]
[EventCountry "POL"]
[SourceTitle "playchess.com"]
[Source "ChessBase"]
[SourceQuality "1"]
[TimeControl "40/5400+30:1800+30"]

1. d4 Nf6 2. c4 e6 3. Nc3 Bb4 4. a3 Bxc3+ 5. bxc3 d6 6. f3 c5 7. e4 Nc6 8. Be3 b6 9. Bd3 O-O 10. Ne2 Nd7 (10... Na5 $15) 11. O-O (11. Nc1 $11) 11... cxd4 (11... Na5 $15) 12. cxd4 $11 {[%emt 0:00:18] The position is equal.} e5 13. f4 exd4 14. Nxd4 {[%emt 0:00:42] Black did not feel at home in the position after the opening.   Weighted Error Value: White=0.39/Black=0.29 (precise) .  Mistake:       	White=1     	Black=2      OK:         	---       	Black=2} 1/2-1/2

[Event "WSTCC-50 2024"]
[Site "Krakow"]
[Date "2024.07.06"]
[Round "5.5"]
[White "Schuster, Karsten"]
[Black "Crocker, Philip J"]
[Result "1-0"]
[ECO "D43"]
[WhiteElo "2307"]
[BlackElo "2122"]
[Annotator "TA"]
[PlyCount "107"]
[EventDate "2024.07.01"]
[EventType "team-tourn"]
[EventCountry "POL"]
[SourceTitle "playchess.com"]
[Source "ChessBase"]
[SourceQuality "1"]
[TimeControl "40/5400+30:1800+30"]

1. d4 d5 2. c4 c6 3. Nf3 Nf6 4. Nc3 e6 5. cxd5 exd5 6. Bg5 Be7 7. Qc2 g6 8. e3 Bf5 9. Bd3 Bxd3 10. Qxd3 Nbd7 11. Rb1 a5 12. a3 O-O 13. O-O Re8 14. Rfc1 {[%emt 0:04:40] [#]} Ne4 $1 15. Bf4 (15. Bxe7 Qxe7) 15... Bd6 16. Bxd6 Nxd6 {[%emt 0:00:09] The position is equal.} 17. b3 f5 18. Ne2 Qf6 19. h4 Qe7 20. Nf4 Nf8 21. g3 Ne6 22. Nxe6 Qxe6 23. Ne5 Nf7 24. Nxf7 Kxf7 25. Rc5 Qe4 26. Rd1 Qxd3 27. Rxd3 $11 {[%emt 0:00:05][%mdl 4096] Endgame. KRR-KRR} Re6 28. Kg2 Kf6 29. Kf3 h6 30. Rd1 Ke7 31. Rg1 Kd6 32. Rgc1 Kd7 33. Rb1 Kc7 34. a4 b6 35. Rcc1 Kb7 36. Rg1 c5 37. Rgd1 c4 (37... Kc6 $11) 38. bxc4 $16 {[%emt 0:00:56] Black is on the road to losing.} dxc4 39. Rdc1 Rc8 40. Rc3 Ka6 {[%emt 0:01:27] [#]} 41. Rb5 $1 h5 (41... Rf6 {was worth a try.} 42. Kf4 Rf7) 42. Kf4 $18 Re4+ 43. Kg5 Re6 44. f3 Rd6 45. d5 Re8 {[%emt 0:00:00] [#]} (45... Rd7 $142 46. Kxg6 Kb7) 46. Kf4 $1 (46. Rxc4 Rxe3 47. Kf4 (47. Rc6 Rxc6 48. dxc6 Re6 $11) 47... Re1 $16) 46... Rc8 47. e4 fxe4 48. fxe4 Rf6+ $2 (48... g5+ 49. Kxg5 Rdd8) 49. Kg5 Rf1 50. d6 $1 (50. Kxg6 Re1 $14) 50... Ra1 51. d7 (51. Kxg6 Rd1 $16) 51... Rd8 52. Rd5 ({Not} 52. Kxg6 Rxd7 53. Rxc4 (53. Kxh5 Rxa4 54. Rf5 Rc7 $17) 53... Rxa4 $16) 52... Rxa4 53. e5 {[%emt 0:00:00][%cal Oe5e6] And now e6! would win.} b5 54. e6 {[%emt 0:00:00] Weighted Error Value: White=0.05 (flawless) /Black=0.47.  Mistake:       	---       	Black=4      Inaccurate:     	White=1     	Black=4      OK:         	White=12    	Black=14     Best:        	White=1     	---        Strong:       	White=3     	---} 1-0

[Event "WSTCC-50 2024"]
[Site "Krakow"]
[Date "2024.07.06"]
[Round "5.5"]
[White "Delaney, John"]
[Black "Lima, Darcy"]
[Result "0-1"]
[ECO "B67"]
[WhiteElo "2167"]
[BlackElo "2392"]
[Annotator "TA"]
[PlyCount "132"]
[EventDate "2024.07.01"]
[EventType "team-tourn"]
[EventCountry "POL"]
[SourceTitle "playchess.com"]
[Source "ChessBase"]
[SourceQuality "1"]
[TimeControl "40/5400+30:1800+30"]

1. e4 c5 2. Nf3 d6 3. d4 cxd4 4. Nxd4 Nf6 5. Nc3 Nc6 6. Bg5 e6 7. Qd2 a6 8. O-O-O Bd7 9. f3 Nxd4 10. Qxd4 Be7 {[%emt 0:00:05] B67: Sicilian: Richter-Rauzer: 7...a6 8 0-0-0 Bd7, lines without 9 f4 Be7.} 11. Kb1 Qc7 12. Be3 h5 13. Qb6 $146 ({Predecessor:} 13. Qd2 b5 14. Bd3 b4 15. Ne2 a5 16. g3 a4 17. h3 a3 18. b3 d5 19. g4 dxe4 20. fxe4 Bc6 21. Ng3 Qxg3 22. Bf4 Qf3 {0-1 Hnydiuk,A (2361)-Shankland,S (2710) Titled Tuesday intern op 01st Nov Early blitz 2022 (1)}) 13... Qxb6 14. Bxb6 Rc8 15. Bd3 Bc6 16. Rhe1 Nd7 17. Bd4 Bf6 18. Bxf6 Nxf6 19. Ne2 h4 20. Nd4 Ke7 21. Bf1 Nd7 22. c4 a5 23. Re3 Nc5 24. Rd2 b6 25. b3 Bd7 26. e5 dxe5 27. Rxe5 Kf6 28. Re3 Rhd8 29. Kc1 g5 30. Ne2 Bc6 31. Nc3 e5 32. Bd3 b5 33. cxb5 Nxd3+ 34. Rexd3 Rxd3 35. Rxd3 Bxb5 36. Re3 Bc6 37. Kd2 Rd8+ 38. Ke2 Ke6 39. Ne4 Kf5 40. Nf2 Bb5+ 41. Ke1 Rc8 42. Kd2 Ke6 43. g4 hxg3 44. hxg3 f5 45. Nd3 (45. Nh3 $11) 45... Bxd3 $17 46. Kxd3 (46. Rxd3 $17 {was called for.} Rh8 47. Re3) 46... Rc1 47. a4 $2 (47. g4 $17 {might work better.}) 47... Kd5 (47... Rg1 48. f4 e4+ 49. Kd4 $17) 48. Kd2 {[%emt 0:00:40] [#]} Rg1 $1 49. Rd3+ Ke6 50. f4 $2 (50. g4 fxg4 51. fxg4) 50... e4 $19 (50... gxf4 51. gxf4 e4 (51... exf4 52. Rd8 $11) 52. Rd8 $17) 51. Rc3 (51. Re3 $142 gxf4 52. gxf4) 51... Rg2+ $19 52. Ke1 gxf4 53. gxf4 Kd5 54. Rc8 Kd4 55. Kf1 Rg4 $2 (55... Ra2 56. Rf8 Ke3 57. Rxf5 Kf3 58. Kg1 e3 59. Rxa5 e2 (59... Kxf4 60. Kf1 $11) 60. Re5 Ra1+ (60... Kxf4 $2 61. Re8 $19) 61. Kh2 e1=Q (61... e1=B $2 62. Rg5 $19) 62. Rxe1 Rxe1 63. f5 Rb1 64. f6 Rxb3 65. f7 Rb8 66. Kg1 Rh8 (66... Rf8 {is a self mate.} 67. Kf1 Rxf7 68. Ke1 Rd7 69. a5 Rd4 70. a6 Ke3 71. Kf1 Rg4 72. a7 Rg8 73. a8=B Rxa8 74. Kg2 Rg8+ 75. Kh3 Kf4 76. Kh2 Kf3 77. Kh1 Kf2 78. Kh2 Rh8#) 67. a5 Rf8 68. Kf1 Rxf7 69. Ke1 Rd7 70. a6 Ke3 71. Kf1 Rg7 72. a7 Rxa7 73. Kg2 Rg7+ 74. Kh3 Kf4 75. Kh2 Kf3 76. Kh1 Kf2 77. Kh2 Rh7#) 56. Ra8 $2 (56. Ke2) 56... Ke3 $19 57. Rxa5 Rxf4+ 58. Kg2 Rf2+ 59. Kg1 f4 60. Rc5 Rb2 61. Rc3+ Kd4 62. Rc4+ Kd3 63. Rb4 f3 64. Rb8 e3 65. a5 Rb1+ 66. Kh2 f2 0-1

[Event "WSTCC-50 2024"]
[Site "Krakow"]
[Date "2024.07.06"]
[Round "5.6"]
[White "Emms, John M"]
[Black "Shabalov, Alexander"]
[Result "1/2-1/2"]
[ECO "C47"]
[WhiteElo "2428"]
[BlackElo "2467"]
[Annotator "TA"]
[PlyCount "81"]
[EventDate "2024.07.01"]
[EventType "team-tourn"]
[EventCountry "POL"]
[SourceTitle "playchess.com"]
[Source "ChessBase"]
[SourceQuality "1"]
[TimeControl "40/5400+30:1800+30"]

1. e4 e5 2. Nf3 Nc6 3. Nc3 Nf6 4. d4 exd4 5. Nxd4 Bb4 6. Nxc6 bxc6 7. Bd3 d5 8. exd5 O-O 9. O-O Bg4 10. f3 Bh5 11. dxc6 Qd4+ $1 12. Kh1 {[%emt 0:00:24][%cal Od3h7] [#] Hoping for Bxh7+!} Bxc3 13. bxc3 Qxc3 14. Bf4 Qxc6 15. Qe2 Nd5 16. Bg3 Bg6 17. Bxg6 hxg6 18. c4 Nb6 19. Rac1 Rfe8 20. Qf2 Re7 (20... Nxc4 $2 21. Qd4 $18) 21. Rfe1 Rae8 22. Rxe7 Rxe7 23. h3 a6 24. Qd2 Rd7 25. Qe3 Kh7 (25... Nxc4 $2 {loses.} 26. Qc3 (26. Qf4 Qc5 $11) 26... Qe6 27. Qxc4 $18) 26. Kh2 Nc8 (26... Nxc4 $2 {perishes.} 27. Qf4 $18) 27. c5 Ne7 28. Qe4 f6 29. Qxc6 Nxc6 $11 {[%emt 0:00:06][%mdl 4096] Endgame. KRB-KRN} 30. Rb1 Rd5 31. Rb7 Rxc5 32. Rxc7 Rc4 33. Bd6 Kg8 {[%emt 0:00:13] Prevents Bf8. The position is equal.} 34. Kg3 g5 35. Kf2 Na5 $1 36. Ke2 Ra4 37. Rc2 Nc4 38. Bc5 Kf7 39. Kd3 Ne5+ 40. Ke3 Ke6 41. Bf8 {[%emt 0:10:32] An interesting draw.   Weighted Error Value: White=0.05 (flawless) /Black=0.05 (flawless) .  Inaccurate:     	---       	Black=1      OK:         	White=7     	Black=13     Best:        	White=1     	Black=1      Strong:       	---       	Black=2} 1/2-1/2